 Dungeon Crawl Stone Soup version 0.17.2-1-ge4368a0 (webtiles) character file.

1306 Goblin1989 the Grappler (level 8, -1/72 HPs)
             Began as a Troll Hunter on Sept 26, 2016.
             Was a Believer of Okawaru.
             Slain by an orc warrior
             ... wielding a +0 trident
              (4 damage)
             ... on level 6 of the Dungeon.
             The game lasted 00:13:08 (3622 turns).

Goblin1989 the Grappler (Troll Hunter)              Turns: 3622, Time: 00:13:08

Health: -1/72      AC:  6    Str: 21    XL:     8   Next: 32%
Magic:  5/7        EV: 13    Int:  7    God:    Okawaru [**....]
Gold:   288        SH:  0    Dex: 12    Spells: 0 memorised, 7 levels left

rFire  . . .     SeeInvis .       - Unarmed
rCold  . . .     Clarity  .     b - +0 robe
rNeg   . . .     SustAt   .     (no shield)
rPois  .         Gourm    +     (helmet restricted)
rElec  .         Spirit   .     w - +0 cloak (curse)
rCorr  .         Warding  .     (gloves unavailable)
rMut   .         Stasis   .     (boots unavailable)
MR     .....                    (no amulet)
Stlth  ++........               (no ring)
                                k - ring of wizardry

@: heroism, not resistant to hostile enchantments, unstealthy
A: unfitting armour, claws 3, fast metabolism 3, gourmand, regeneration 2,
shaggy fur 1, tough skin 2
a: Heroism, Renounce Religion


You were on level 6 of the Dungeon.
You worshipped Okawaru.
Okawaru was pleased with you.
You were very full.

You visited 1 branch of the dungeon, and saw 6 of its levels.

You collected 288 gold pieces.

Inventory:

Missiles
 c - 4 large rocks (quivered)
 Z - 2 throwing nets
Armour
 b - a +0 robe (worn)
 w - a cursed +0 cloak (worn)
Jewellery
 k - a ring of wizardry (left claw)
Wands
 i - a wand of hasting (1) {@v3}
Scrolls
 a - a scroll of fog {unknown}
 f - 4 scrolls of remove curse {unknown}
 g - 4 scrolls of identify {unknown}
 j - 2 scrolls of fear {unknown}
 l - a scroll of recharging
 n - a scroll of amnesia {unknown}
 o - 4 scrolls of enchant armour {unknown}
 s - a scroll of magic mapping {unknown}
 u - a scroll of noise {unknown}
 v - a scroll of random uselessness {unknown}
 y - a scroll of immolation {unknown}
 T - 2 scrolls of teleportation {@r4}
Potions
 d - a potion of cure mutation {unknown}
 h - 2 potions of haste {@q3}
 m - a potion of agility {unknown}
 q - a potion of poison {unknown}
 r - 2 potions of flight {unknown}
 t - a potion of degeneration {!q}
 x - 2 potions of curing {unknown}
 z - a potion of brilliance {unknown}
Comestibles
 e - 5 bread rations
 p - 5 fruits
 A - a meat ration
 B - a royal jelly
 C - 3 chunks of flesh


   Skills:
 + Level 2.2(7.2) Fighting
 - Level 3.6(8.6) Throwing
 + Level 2.3(7.3) Dodging
 - Level 0.4(5.4) Stealth
 * Level 9.6(14.6) Unarmed Combat


You had 7 spell levels left.
You didn't know any spells.

Dungeon Overview and Level Annotations

Branches:
Dungeon (6/15)             Temple (0/1) D:5

Altars:
Dithmenos
Fedhas
Kikubaaqudgha
Makhleb
Okawaru
Qazlal
Vehumet
The Shining One

Shops:
D:5 (

Annotations:
D:5 Grinder; jazmu's ghost, novice DDFi


Innate Abilities, Weirdness & Mutations

You are too large for most types of armour.
You have claws for hands.
Your metabolism is lightning-fast.
You like to eat raw meat.
You heal very quickly.
You are covered in fur (AC +1).
You have very tough skin (AC +2).


Message History

You are too injured to fight recklessly!
Drink which item? (? for menu, Esc to quit)
Okay, then.
You gain the combat prowess of a mighty hero.
You feel slightly less full. The orc hits you but does no damage.
You scratch the orc.
The orc is heavily wounded.
The orc hits you but does no damage.
You mangle the orc!!
You kill the orc!
Okawaru accepts your kill.
The orc warrior hits you with a trident!!
* * * LOW HITPOINT WARNING * * *
You see here a club.
You closely miss the orc warrior.
The orc warrior is heavily wounded.
You closely miss the orc warrior.
The orc warrior is heavily wounded.
The orc warrior hits you with a trident.
You die...

...ਜਜਜਜਜਜ...ਜ..ਜ
...ਜ ਜ.....ਜਜ.ਜ
...ਜ ਜ.....ਜਜ.ਜ
...ਜ ਜ.....ਜਜ.ਜਜ
...ਜ ਜ....ਜਜਜ..ਜ
...ਜ ਜ....ਜ ਜਜ.ਜ
ਜ....ਜ ਜ.ਜਜ
ਜ....ਜ ਜ..ਜ
ਜ....ਜ


ਜਜ@ਜ ਜਜਜਜਜਜ ਜoਜ ਜoਜਜ ਜo.ਜ ਜਜ.ਜ ਜ....ਜ ......ਜ ........ਜ ▲........ਜ You could see
an orc warrior and 2 orcs.

Vanquished Creatures
  Pikel (D:5)
  A sky beast (D:5)
  2 ogres
  Blork the orc (D:5)
  A giant frog (D:6)
  A giant frog zombie (D:5)
  Crazy Yiuf (D:5)
  Ijyb (D:3)
  2 hounds
  3 worker ants (D:4)
  An iguana (D:4)
  A hound skeleton (D:5)
  4 gnolls (D:5)
  6 adders
  An ooze (D:4)
  An adder skeleton (D:6)
  2 worms
  5 giant geckos
  4 orcs
  9 bats
  5 giant cockroaches
  8 goblins
  8 hobgoblins
  3 jackals (D:3)
  2 quokkas (D:2)
  5 giant newts
  3 kobolds
  A quokka skeleton (D:4)
  9 rats
92 creatures vanquished.

Vanquished Creatures (others)
  3 slaves (D:5)
  An orc wizard (D:5)
  A crimson imp (D:5)
  2 orcs (D:5)
7 creatures vanquished.

Grand Total: 99 creatures vanquished

Notes
Turn   | Place    | Note
--------------------------------------------------------------
     0 | D:1      | Goblin1989 the Troll Hunter began the quest for the Orb.
     0 | D:1      | Reached XP level 1. HP: 19/19 MP: 0/0
    33 | D:1      | Reached skill level 1 in Unarmed Combat
    96 | D:1      | Reached XP level 2. HP: 27/27 MP: 1/1
   590 | D:1      | Reached XP level 3. HP: 31/33 MP: 2/2
  1071 | D:2      | Found a glowing golden altar of the Shining One.
  1073 | D:2      | Found a stormy altar of Qazlal.
  1074 | D:2      | Found a shadowy altar of Dithmenos.
  1355 | D:3      | Found an iron altar of Okawaru.
  1355 | D:3      | Found a burning altar of Makhleb.
  1371 | D:3      | Became a worshipper of Warmaster Okawaru
  1393 | D:3      | Reached XP level 4. HP: 41/41 MP: 3/3
  1436 | D:3      | Reached skill level 4 in Unarmed Combat
  1569 | D:3      | Noticed Ijyb
  1591 | D:3      | Killed Ijyb
  1948 | D:4      | Found an ancient bone altar of Kikubaaqudgha.
  1957 | D:4      | Reached XP level 5. HP: 48/48 MP: 4/4
  1968 | D:4      | Noticed an ogre
  1970 | D:4      | HP: 1/48 [ogre/giant club (26)]
  1997 | D:4      | Killed an ogre
  1997 | D:4      | Reached skill level 5 in Unarmed Combat
  2339 | D:4      | Reached * piety under Okawaru
  2339 | D:4      | Reached skill level 6 in Unarmed Combat
  2339 | D:4      | Reached XP level 6. HP: 18/55 MP: 5/5
  2456 | D:4      | Found a blossoming altar of Fedhas.
  2581 | D:4      | Found a radiant altar of Vehumet.
  2750 | D:4      | Got an encrusted mace
  2751 | D:4      | Identified the cursed +1 mace of Shame {crush, Str+6 Dex+2} (You found it on level 4 of the Dungeon)
  2846 | D:5      | Entered Level 5 of the Dungeon
  2850 | D:5      | Found a staircase to the Ecumenical Temple.
  2908 | D:5      | Noticed Blork the orc
  2926 | D:5      | Killed Blork the orc
  2926 | D:5      | Reached skill level 7 in Unarmed Combat
  2994 | D:5      | Reached XP level 7. HP: 58/62 MP: 6/6
  3013 | D:5      | Noticed Pikel
  3026 | D:5      | Killed Pikel
  3026 | D:5      | Reached ** piety under Okawaru
  3026 | D:5      | Reached skill level 9 in Unarmed Combat
  3027 | D:5      | Noticed Grinder
  3029 | D:5      | Noticed jazmu's ghost (novice DDFi)
  3038 | D:4      | Reached XP level 8. HP: 39/70 MP: 7/7
  3115 | D:5      | Found Hackomoa's Antique Weapon Shoppe.
  3206 | D:5      | Noticed Crazy Yiuf
  3212 | D:5      | Killed Crazy Yiuf
  3620 | D:6      | HP: 2/72 [orc warrior/trident (21)]
  3622 | D:6      | Slain by an orc warrior

Action                   |  1- 3 |  4- 6 |  7- 9 || total
-------------------------+-------+-------+-------++-------
Melee: Unarmed           |   128 |   109 |    59 ||   296
Throw: Throwing net      |       |     1 |       ||     1
       Large rock        |       |     2 |       ||     2
Invok: Heroism           |       |     1 |     2 ||     3
  Use: Potion            |       |     4 |     1 ||     5
       Scroll            |       |     3 |       ||     3
 Stab: Sleeping          |     1 |     1 |       ||     2
       Held in net/web   |       |     1 |       ||     1
  Eat: Chunk             |    18 |    15 |     6 ||    39

Vault maps used:
D:1:      lightli_arrival_statuegarden, minmay_misc_feat_doors
D:2:      grunt_temple_overflow_open, grunt_ministairs_4
D:3:      gammafunk_temple_overflow_pools, st_stairs_11, uniq_iyjb
D:4:      kiku_gazebo_pond_becter, kennysheep_mini_moat, vehumet_altar_wand_db
D:5:      grunt_temple_overflow_gold_and_silver, temple_pool_b, first_bread,
          serial_shops, shop, uniq_blork_the_orc, uniq_grinder,
          uniq_crazy_yiuf_cottage, uniq_pikel
D:6:      uniq_eustachio
